 Dungeon Crawl Stone Soup version 0.20.0-4-g10b340a (webtiles) character file.

8954 Fv001 the Geomancer (level 11, 0/64 HPs)
             Began as a Gargoyle Earth Elementalist on May 28, 2017.
             Was a Priest of Ashenzari.
             Slain by a black mamba (14 damage)
             ... on level 1 of the Lair of Beasts.
             The game lasted 01:10:07 (14922 turns).

Fv001 the Geomancer (Gargoyle Earth Elementalist)  Turns: 14922, Time: 01:10:08

Health: 0/64       AC: 16    Str: 12    XL:     11   Next: 38%
Magic:  2/18       EV: 15    Int: 18    God:    Ashenzari [***...]
Gold:   510        SH:  3    Dex: 11    Spells: 5/20 levels left

rFire    . . .     SeeInvis +   v - +2 dagger (venom) (curse)
rCold    . . .     Gourm    .   (no shield)
rNeg     + + .     Faith    .   c - +0 robe (curse)
rPois    ∞         Spirit   .   w - +1 helmet (curse)
rElec    +         Reflect  +   (no cloak)
rCorr    .         Harm     .   i - +0 pair of gloves (curse)
MR       .....                  f - +2 pair of boots {run} (curse)
Stlth    ++++......             G - +3 amulet of reflection (curse)
Regen    0.2/turn               E - ring of positive energy
MPRegen  0.2/turn               (no ring)

@: very slightly contaminated, quick
A: negative energy resistance 1, electricity resistance, unbreathing,
petrification resistance, rot immunity, AC +7
a: Curse Item, Scrying, Renounce Religion


You were on level 1 of the Lair of Beasts.
You worshipped Ashenzari.
Ashenzari was most pleased with you.
You were near starving.

You visited 3 branches of the dungeon, and saw 11 of its levels.
You also visited: Sewer, Bailey and Ice Cave.

You collected 510 gold pieces.

Inventory:

Hand Weapons
 v - a cursed +2 dagger of venom (weapon)
Missiles
 b - 124 stones (quivered)
Armour
 c - a cursed +0 robe (worn)
 f - a cursed +2 pair of boots of running (worn)
 i - a cursed +0 pair of gloves (worn)
 w - a cursed +1 helmet (worn)
 F - a +0 leather armour
Jewellery
 E - a ring of positive energy (left hand)
 G - a cursed +3 amulet of reflection (around neck)
Wands
 m - a wand of flame (19/48)
 L - a wand of lightning (11/15)
Scrolls
 g - a scroll of enchant weapon {unknown}
 l - 9 scrolls of identify {unknown}
 n - 2 scrolls of amnesia {unknown}
 o - 2 scrolls of blinking {unknown}
 p - a scroll of immolation {unknown}
 q - 5 scrolls of teleportation {unknown}
 s - 2 scrolls of fear {unknown}
 u - 2 scrolls of fog {unknown}
 x - 2 scrolls of recharging {unknown}
 y - 2 scrolls of enchant armour {unknown}
 H - 2 scrolls of noise {unknown}
 P - a scroll of acquirement {unknown}
 Q - a scroll of brand weapon {unknown}
Potions
 a - a potion of flight {unknown}
 j - 5 potions of mutation {unknown}
 r - 3 potions of might {unknown}
 t - 2 potions of invisibility {unknown}
 z - 3 potions of agility {unknown}
 A - a potion of haste {unknown}
 B - 13 potions of curing {unknown}
 C - 7 potions of heal wounds {unknown}
 D - 2 potions of brilliance {unknown}
 J - a potion of ambrosia {unknown}
 N - 3 potions of magic {unknown}
 O - a potion of berserk rage
Books
 e - a book of Geomancy

   Spells                             Type                      Level
   a - Sandblast                      Earth                        1
   b - Passwall                       Transmutation/Earth          2
   c - Stone Arrow                    Conjuration/Earth            3
   d - Petrify                        Transmutation/Earth          4
   e - Lee's Rapid Deconstruction     Earth                        5
 K - a book of Clouds

   Spells                             Type                      Level
   a - Poisonous Vapours              Poison/Air                   2
   b - Mephitic Cloud                 Conjuration/Poison/Air       3
   c - Conjure Flame                  Conjuration/Fire             3
   d - Freezing Cloud                 Conjuration/Ice/Air          6
   e - Ring of Flames                 Charms/Fire                  7
 M - a book of Minor Magic

   Spells                             Type                      Level
   a - Magic Dart                     Conjuration                  1
   b - Blink                          Translocation                2
   c - Call Imp                       Summoning                    2
   d - Slow                           Hexes                        2
   e - Conjure Flame                  Conjuration/Fire             3
   f - Mephitic Cloud                 Conjuration/Poison/Air       3
Comestibles
 d - 7 bread rations
 h - 6 meat rations
 k - 14 royal jellies
 I - 4 fruits


   Skills:
 + Level 5.7 Fighting
 + Level 4.7(7.5) Short Blades
 + Level 6.1 Armour
 + Level 5.0(6.9) Dodging
 + Level 6.8(8.8) Stealth
 + Level 5.2 Spellcasting
 + Level 5.6 Conjurations
 + Level 4.4 Transmutations
 * Level 10.2 Earth Magic


You had 5 spell levels left.
You knew the following spells:

 Your Spells              Type           Power        Failure   Level  Hunger
a - Sandblast             Erth           #####.       1%          1    None
b - Passwall              Tmut/Erth      ####......   1%          2    #......
c - Stone Arrow           Conj/Erth      ####..       1%          3    ##.....
d - Lee's Rapid Deconstr  Erth           #####.....   5%          5    ######.
e - Petrify               Tmut/Erth      ####....     6%          4    ####...


Dungeon Overview and Level Annotations

Branches:
Dungeon (9/15)             Temple (1/1) D:5            Lair (1/6) D:9
    Orc: D:9-12

Altars:
Ashenzari
Cheibriados
Dithmenos
Elyvilon
Gozag
Hepliaklqana
Kikubaaqudgha
Nemelex Xobeh
Qazlal
Ru
Trog
Vehumet
Xom
Yredelemnul

Shops:
D:5 :

Annotations:
D:1 Terence
D:8 5 runed doors
Lair:1 Gastronok, Grum


Innate Abilities, Weirdness & Mutations

You are resistant to torment.
Your stone body is resilient. (AC +7)
You are immune to poison.
You resist negative energy. (rN+)
You are resistant to electric shocks. (rElec)
You can survive without breathing.
You are immune to petrification.
You are immune to rotting.


Message History

The black mamba bites you but does no damage.
The black mamba barely misses you. The black mamba barely misses you.
Gastronok mumbles some strange words.
Gastronok puts on a burst of speed!
The black mamba bites you!
* * * LOW HITPOINT WARNING * * *
You see here a +0 whip.
A crocodile comes into view.
Casting: Petrify
Confirm with . or Enter, or press ? or * to list all spells.
Aiming: Petrify
Press: ? - help, Shift-Dir - straight line, f - black mamba
Aim: a black mamba (chance to defeat MR: 60%)
You miscast Petrify.
You are very lightly contaminated with residual magic.
Motes of dust swirl before your eyes.
You are near starving!
The wolf howls!
The black mamba bites you!
You die...

, ♣♣# ##.P.......^.......... ,,*
♣♣.# #..................... ,
,♣♣..#####..#...#...###....#l.
#.....##P.#.........###..P#..
##.....#..................##.{ **
#.....t............w......###. #
##†..(.............h...##$#### #
#..$................#........
#####........##.@S.Y.......g.....
.##.......#.#.#.........##.#h.###
#.........#........#.#.###......#
............#...............♣♣♣..
.......................##...♣ ..
#..................#.....#..♣**,#
#........P#.#......#.P##....(,
.......................#.###.
##.............. , ,


You could see Gastronok, a black mamba, a crocodile, an ice beast and a wolf.

Vanquished Creatures
  2 two-headed ogres
  An oklob plant (Lair:1)
  Prince Ribbit (D:6)
  3 hippogriffs
  2 wyverns (D:8)
  Eustachio (D:6)
  A steam dragon (D:8)
  Menkaure (D:4)
  2 soldier ants (D:9)
  A porcupine (Lair:1)
  3 orc warriors
  3 water moccasins
  12 ice beasts
  4 sky beasts
  A black bear (D:7)
  A necrophage (D:7)
  5 ogres
  A phantom (D:6)
  2 centaurs
  A crocodile (Lair:1)
  A bullfrog (D:8)
  A wyvern skeleton (D:7)
  5 scorpions
  9 killer bees
  5 crimson imps
  2 centaur zombies
  3 hounds
  A jelly (D:7)
  A bullfrog skeleton (D:5)
  6 orc priests
  A gnoll shaman (D:4)
  7 orc wizards
  2 iguanas (D:4)
  Ijyb (D:3)
  6 worker ants
  2 hound skeletons
  Robin (D:4)
  2 worker ant zombies
  26 gnolls
  18 adders
  11 river rats
  A shadow imp (D:9)
  2 oozes
  An adder skeleton (D:8)
  An adder zombie (D:7)
  2 worms
  2 dart slugs (D:2)
  3 leopard geckos
  36 orcs
  12 ball pythons
  5 giant cockroaches
  22 goblins
  15 hobgoblins
  15 jackals
  43 kobolds
  3 quokkas
  3 bats (D:1)
  7 frilled lizards
  A leopard gecko skeleton (D:5)
  A quokka skeleton (D:7)
  23 rats
  2 plants (Lair:1)
359 creatures vanquished.

Vanquished Creatures (others)
  A big kobold (D:8)
  3 kobolds
4 creatures vanquished.

Grand Total: 363 creatures vanquished

Notes
Turn   | Place    | Note
-------+----------+-------------------------------------------
     0 | D:1      | Fv001 the Gargoyle Earth Elementalist began the quest for the Orb.
     0 | D:1      | Reached XP level 1. HP: 10/10 MP: 3/3
   106 | D:1      | Reached XP level 2. HP: 10/16 MP: 0/5
   225 | D:1      | Learned a level 2 spell: Passwall
   461 | D:1      | Reached skill level 1 in Armour
   518 | D:1      | Reached XP level 3. HP: 20/20 MP: 2/6
   541 | D:1      | Learned a level 3 spell: Stone Arrow
   990 | D:2      | Reached skill level 1 in Short Blades
  1031 | D:2      | Reached skill level 1 in Fighting
  1474 | D:2      | Noticed Terence
  1868 | D:2      | Reached XP level 4. HP: 23/25 MP: 7/7
  2015 | D:2      | Reached skill level 4 in Earth Magic
  2346 | D:2      | Reached skill level 1 in Transmutations
  2796 | D:3      | Reached XP level 5. HP: 29/29 MP: 0/8
  3625 | D:3      | Noticed Ijyb
  3962 | D:3      | Reached XP level 6. HP: 14/35 MP: 0/9
  4594 | D:3      | Killed Ijyb
  4953 | D:4      | Reached skill level 1 in Conjurations
  5092 | D:4      | Reached skill level 5 in Earth Magic
  5129 | D:4      | Noticed Menkaure
  5137 | D:4      | Killed Menkaure
  5137 | D:4      | Reached XP level 7. HP: 40/40 MP: 5/11
  5249 | D:4      | Learned a level 5 spell: Lee's Rapid Deconstruction
  5323 | D:4      | Noticed Robin
  5856 | D:4      | Killed Robin
  6107 | D:5      | Entered Level 5 of the Dungeon
  6136 | D:5      | Found Koovu's Book Shoppe.
  6164 | D:5      | Found a staircase to the Ecumenical Temple.
  6176 | Temple   | Entered the Ecumenical Temple
  6184 | Temple   | Became a worshipper of Ashenzari the Shackled
  6720 | D:5      | Reached XP level 8. HP: 36/45 MP: 4/12
  6851 | D:5      | Reached skill level 6 in Earth Magic
  7252 | D:6      | Noticed Prince Ribbit
  7260 | D:6      | Killed Prince Ribbit
  7395 | D:6      | Found a glowing drain.
  7448 | Sewer    | Entered a sewer
  7946 | D:6      | Noticed Eustachio
  7963 | D:6      | Killed Eustachio
  7963 | D:6      | Reached XP level 9. HP: 46/51 MP: 0/14
  7969 | D:6      | Learned a level 4 spell: Petrify
  8021 | D:6      | Reached skill level 7 in Earth Magic
  8046 | D:6      | Reached skill level 5 in Stealth
  8186 | D:6      | Reached * piety under Ashenzari
  8245 | D:6      | Found a shattered altar of Ashenzari.
  9037 | D:6      | Saw a vision of the Shoals and the Spider Nest.
  9037 | D:6      | Noticed a merfolk
  9039 | D:6      | Noticed a wolf spider
  9042 | D:6      | Noticed a wolf spider
  9236 | D:7      | Identified a +2 pair of boots of running (You found it on level 7 of the Dungeon)
  9297 | D:7      | Noticed a two-headed ogre
  9715 | D:7      | Killed a two-headed ogre
  9715 | D:7      | Reached skill level 8 in Earth Magic
  9980 | D:7      | Reached XP level 10. HP: 57/57 MP: 13/16
 10576 | D:7      | Reached skill level 5 in Armour
 10867 | D:8      | Found a runed door.
 10870 | D:8      | Reached ** piety under Ashenzari
 11143 | D:8      | Found a runed gate.
 11144 | D:8      | Found a runed door.
 11163 | D:8      | Found a runed gate.
 11163 | D:8      | Found a runed gate.
 11513 | D:8      | Reached skill level 9 in Earth Magic
 12024 | D:8      | Reached skill level 5 in Fighting
 12067 | D:8      | Noticed a two-headed ogre
 12396 | D:8      | Killed a two-headed ogre
 12396 | D:8      | Reached skill level 5 in Conjurations
 12914 | D:9      | Found a staircase to the Lair.
 12936 | D:9      | Reached XP level 11. HP: 63/63 MP: 7/18
 12954 | D:9      | Found a flagged portal.
 12962 | Bailey   | Entered a bailey
 13730 | D:9      | Reached skill level 5 in Spellcasting
 13844 | D:9      | Reached skill level 10 in Earth Magic
 14635 | Lair:1   | Entered Level 1 of the Lair of Beasts
 14751 | Lair:1   | Reached *** piety under Ashenzari
 14756 | Lair:1   | Found a snail-covered altar of Cheibriados.
 14774 | Lair:1   | Noticed an oklob plant
 14784 | Lair:1   | Killed an oklob plant
 14835 | Lair:1   | Found a frozen archway.
 14854 | Lair:1   | Reached skill level 5 in Dodging
 14869 | Lair:1   | Noticed Gastronok
 14881 | Lair:1   | Noticed Grum
 14882 | IceCv    | Entered an ice cave
 14882 | IceCv    | Noticed Manul's ghost (journeyman OpAs)
 14922 | Lair:1   | Slain by a black mamba

Skill      XL: |  1  2  3  4  5  6  7  8  9 10 11 |
---------------+----------------------------------+-----
Armour         | 1 2 3 4 5 6 |  6.1
Short Blades   | 1 2 3 4 |  4.7
Fighting       | 1 2 3 4 5 |  5.7
Stealth        | 3 4 5 6 |  6.8
Earth Magic    | 4 5 6 8 9 10 | 10.2
Transmutations | 1 2 3 4 |  4.4
Dodging        | 2 3 4 5 |  5.0
Conjurations   | 1 2 3 4 5 |  5.6
Spellcasting   | 3 4 5 |  5.2

Action                   |  1- 3 |  4- 6 |  7- 9 | 10-12 || total
-------------------------+-------+-------+-------+-------++-------
Melee: Unarmed           |    12 |       |       |       ||    12
       Dagger            |    77 |   147 |   190 |   322 ||   736
 Cast: Sandblast         |    38 |    38 |    86 |    75 ||   237
       Stone Arrow       |     6 |    19 |    24 |    12 ||    61
       Passwall          |     1 |    29 |    14 |    25 ||    69
       Lee's Rapid Decon |       |       |    11 |    25 ||    36
       Petrify           |       |       |     2 |     6 ||     8
Invok: Curse Item        |       |       |     4 |     2 ||     6
  Use: Scroll            |     1 |       |       |       ||     1
 Stab: Sleeping          |     3 |    16 |    16 |    24 ||    59
       Petrified         |       |       |     3 |     1 ||     4
  Eat: Chunk             |     3 |    15 |    22 |    23 ||    63
       Royal jelly       |       |     1 |       |       ||     1
       Fruit             |       |       |     2 |     1 ||     3
Armor: Robe              |    39 |    41 |    66 |    84 ||   230
Dodge: Dodged            |    69 |    81 |   122 |   188 ||   460
Block: Other             |       |       |       |    32 ||    32
       Reflection        |       |       |       |     5 ||     5
